 Dungeon Crawl Stone Soup version 0.30-a0-390-g80c34de65d (webtiles) character file.

Game seed: 16208070005198764342

67 KennySheep the Shooter (level 4, 0/34 HPs)
             Began as a Barachi Hexslinger on Dec 5, 2022.
             Was an Initiate of Okawaru.
             Slain by Ijyb
             ... wielding a +8 club
              (3 damage)
             ... on level 3 of the Dungeon.
             The game lasted 00:07:37 (1545 turns).

KennySheep the Shooter (Barachi Hexslinger)         Turns: 1545, Time: 00:07:38

Health: 0/34       AC:  2    Str: 12    XL:     4   Next: 18%
Magic:  0/5        EV: 13    Int: 13    God:    Okawaru [......]
Gold:   97         SH:  0    Dex: 14    Spells: 4/5 levels left

rFire   . . .      SeeInvis .    a - +1 sling
rCold   . . .      Faith    .    (no shield)
rNeg    . . .      Spirit   +    c - +0 robe
rPois   .          Reflect  .    (no helmet)
rElec   .          Harm     .    (no cloak)
rCorr   .          Rampage  .    (no gloves)
Will    .....                    (no boots)
Stlth   +.........               i - amulet of guardian spirit
HPRegen 0.25/turn                (no ring)
MPRegen 0.09/turn                (no ring)

@: slow
A: amphibious, slowness 1, strong legs 1, +LOS
a: Hop, Renounce Religion


You were on level 3 of the Dungeon.
You worshipped Okawaru.
Okawaru was noncommittal.
You visited 1 branch of the dungeon, and saw 4 of its levels.

You collected 97 gold pieces.

Inventory:

Hand Weapons
 a - a +1 sling (weapon)
Armour
 c - a +0 robe (worn)
Jewellery
 i - an amulet of guardian spirit (around neck)
Scrolls
 b - a scroll of poison
 d - a scroll of immolation {unknown}
 f - a scroll of enchant weapon {unknown}
 g - a scroll of fear {unknown}
 j - a scroll of amnesia {unknown}
Potions
 e - a potion of curing {unknown}
 h - a potion of mutation {unknown}
 k - a potion of attraction {unknown}
 l - a potion of berserk rage {unknown}


   Skills:
 + Level 2.5 Fighting
 * Level 3.3 Ranged Weapons
 + Level 3.0 Dodging
 - Level 1.1 Spellcasting
 - Level 3.2 Hexes


You had 4 spell levels left.
You knew the following spells:

 Your Spells              Type           Power      Damage    Failure   Level
a - Slow                  Hex            36%        N/A       8%          1

Your spell library contained the following spells:

 Spells                   Type           Power      Damage    Failure   Level
 Foxfire                  Conj/Fire      0%         2x1d4     28%         1
 Inner Flame              Hex/Fire       4%         N/A       38%         3
 Portal Projectile        Hex/Tloc       8%         N/A       38%         3
 Cause Fear               Hex            4%         N/A       58%         4
 Ignite Poison            Fire/Tmut/Pois 0%         N/A       63%         3
 Kindle Blastsparks       Fire/Tloc/Air  0%         2d10      63%         3
 Freezing Cloud           Conj/Ice/Air   0%         6-21      100%        5


Dungeon Overview and Level Annotations

Branches:
Dungeon (4/15)
 Temple: D:4-7

Altars:
Okawaru
Xom

Shops:
D:1 [

Annotations:
D:3 Ijyb, Sigmund
D:4 Grinder


Innate Abilities, Weirdness & Mutations

You are amphibious.
You cover ground slowly.
You can hop short distances.
You have an extended range of vision and can be seen from far away.


Message History

The bat hits you but does no damage. The bat closely misses you.
The frilled lizard bites you. The quokka closely misses you.
The frilled lizard closely misses you.
You see here a +0 flail.
The frilled lizard attacks as you move away!
The frilled lizard barely misses you. The bat hits you but does no damage.
The bat attacks as you move away! The bat completely misses you.
The bat misses you. The quokka barely misses you. The bat barely misses you.
There is a stone staircase leading down here.
The quokka bites you. The bat misses you.
You climb downwards.
Grinder shouts!
The orc shouts! x2
Found a scroll labelled ISHROUTRYLARU.
There is a stone staircase leading up here.
Okay, then.
The quokka bites you.
You climb upwards.
Level annotation: Ijyb, Sigmund The bat hits you but does no damage.
The rat closely misses you. The frilled lizard bites you.
* * * LOW HITPOINT WARNING * * *
The bat hits you.
* * * LOW HITPOINT WARNING * * *
There is a stone staircase leading down here.
The quokka barely misses you. The bat barely misses you.
The quokka barely misses you. The rat bites you but does no damage.
The frilled lizard barely misses you.
The frilled lizard attacks as you move away!
The frilled lizard bites you.
* * * LOW HITPOINT WARNING * * *
The quokka attacks as you move away! The quokka bites you.
* * * LOW HITPOINT WARNING * * *
The bat barely misses you. The rat bites you.
* * * LOW HITPOINT WARNING * * *
The quokka attacks as you move away! The quokka bites you.
* * * LOW HITPOINT WARNING * * *
The rat attacks as you move away! The rat closely misses you.
The endoplasm barely misses you. Ijyb hits you with a +8 club.
You die...

.# ....###.#$#####
..##._.....#.....##
..........b...$..##
...b.............#
#...............#
.###........)......#
.........JS........#
#...!.bg.l>......#
#....@rr.......##
#.#.....#.....##
#############


You could see Ijyb, an endoplasm, a quokka, a bat, a ball python, a frilled
lizard and a rat.

Vanquished Creatures
  An adder (D:2)
  A gnoll (D:1)
  3 ball pythons (D:1)
  6 endoplasms
  A giant cockroach (D:1)
  7 goblins
  6 hobgoblins
  3 jackals (D:1)
  6 kobolds (D:1)
  A quokka (D:1)
  A bat (D:2)
  2 frilled lizards (D:1)
  3 rats
41 creatures vanquished.

Notes
Turn   | Place    | Note
-------+----------+-------------------------------------------
     0 | D:1      | KennySheep the Barachi Hexslinger began the quest for the
                  | Orb.
     0 | D:1      | Reached XP level 1. HP: 15/15 MP: 2/2
    69 | D:1      | Reached XP level 2. HP: 21/21 MP: 3/3
   157 | D:1      | You fall into a shaft and drop 1 floor!
   239 | D:1      | Reached XP level 3. HP: 27/27 MP: 2/4
   536 | D:1      | Found Anek's Armour Boutique.
   853 | D:2      | Reached XP level 4. HP: 33/34 MP: 5/5
  1224 | D:2      | Found an iron altar of Okawaru.
  1241 | D:2      | Became a worshipper of Warmaster Okawaru
  1295 | D:2      | Found a faded altar of an unknown god.
  1309 | D:2      | Got Plato's Folio of Conflagration
  1415 | D:3      | Noticed Sigmund
  1416 | D:3      | Noticed Ijyb
  1532 | D:3      | Found a shimmering altar of Xom.
  1539 | D:4      | Noticed Grinder
  1545 | D:3      | Slain by Ijyb

Illustrated notes

Levels and vault maps discovered:
D:1:      dpeg_arrival_solitude, layout_basic, serial_shops, shop_statue,
          chequers_arboretum
D:2:      layout_loops_corners, basic_altar,
          shapermc_ecumenical_altar_rom_forum, serial_glass, glass_columns_c,
          glass_columns_a
D:3:      layout_rooms, xom_butterflies, uniq_sigmund, uniq_ijyb, uniq_robin
D:4:      layout_basic, marbit_many_paths, gammafunk_ghost_split,
          due_unseen_surprise, uniq_duvessa, uniq_menkaure, uniq_grinder

Skill      XL: |  1  2  3  4 |
---------------+-------------+-----
Fighting       | 2 |  2.5
Ranged Weapons | 3 |  3.3
Dodging        | 3 |  3.0
Spellcasting   | |  1.1
Hexes          | |  3.2

Action                   |  1- 3 |  4- 6 || total
-------------------------+-------+-------++-------
 Fire: Sling             |   108 |    28 ||   136
 Cast: Slow              |     5 |     1 ||     6
 Abil: Hop               |     1 |       ||     1
Armor: Robe              |     5 |    12 ||    17
Dodge: Dodged            |    34 |    54 ||    88

Table legend: (Time is in decaauts)
 A = Elapsed time spent in this place.
 B = Non-inter-level travel time spent in this place.
 C = Inter-level travel time spent in this place.
 D = Time resting spent in this place.
 E = Time spent auto-exploring this place.
 F = Levels seen in this place.
 G = Mean time per level.
                   A        B        C        D        E       F      G
               +--------+--------+--------+--------+--------+-----+--------+
         Total |   1820 |   1674 |    146 |      0 |   1309 |   4 |  455.0 |
       Dungeon |   1820 |   1674 |    146 |      0 |   1309 |   4 |  455.0 |
               +--------+--------+--------+--------+--------+-----+--------+

Top non-repeatable levels by time:
     D:2: 1058 daAuts
     D:1: 710 daAuts
     D:3: 49 daAuts
     D:4: 1 daAuts
